 Dungeon Crawl Stone Soup version 0.30-a0-389-g8d7d949f56 (webtiles) character file.

Game seed: 10956971333126752457

8404 arthad the Geomancer (level 11, -2/70 HPs)
             Began as a Gargoyle Earth Elementalist on Dec 3, 2022.
             Was a Follower of Ashenzari.
             Slain by a wraith (5 damage)
             ... on level 10 of the Dungeon.
             The game lasted 00:39:13 (10087 turns).

arthad the Geomancer (Gargoyle Earth Elementalist) Turns: 10087, Time: 00:39:14

Health: -2/70      AC:  8    Str: 13    XL:     11   Next: 30%
Magic:  21/21      EV: 12    Int: 19    God:    Ashenzari [*.....]
Gold:   465        SH:  0    Dex:  6    Spells: 15/24 levels left

rFire   . . .      SeeInvis .    q - +9 trident of the Eye in the Sky {freeze, +Blink rN+ Dex-4, Alch, Evo} (curse)
rCold   + . .      Faith    .    (no shield)
rNeg    + + .      Spirit   .    M - +1 steam dragon scales
rPois   ∞          Reflect  .    y - +0 helmet
rElec   +          Harm     .    (no cloak)
rCorr   .          Rampage  .    (no gloves)
Will    .....                    (no boots)
Stlth   +++.......               R - amulet "Behold Eternity" {RegenMP, Melee, Fort} (curse)
HPRegen 0.31/turn                A - ring of protection from cold
MPRegen 0.57/turn                (no ring)

@: corroded, on blink cooldown, slowed, very slow
A: sickness immunity, AC +8, negative energy resistance 1, electricity
resistance, torment resistance 1, petrification resistance, talons 1, robust 1,
MP-powered wands
a: Renounce Religion, Evoke Blink, Curse Item, Shatter the Chains


You were on level 10 of the Dungeon.
You worshipped Ashenzari.
Ashenzari was aware of your devotion.
You visited 2 branches of the dungeon, and saw 11 of its levels.

You collected 621 gold pieces.
You spent 156 gold pieces at shops.

Inventory:

Hand Weapons
 c - a +1 dagger of venom
 d - a +1 short sword of draining
 j - a +4 war axe
 q - the cursed +9 trident of the Eye in the Sky (weapon) {freeze, +Blink rN+ Dex-4, Alch, Evo}
   (You found it on level 3 of the Dungeon)

   It freezes those it strikes, dealing additional cold damage.
   It can also slow down cold-blooded creatures.
   Dex:       It affects your dexterity (-4).
   rN:        It protects you from negative energy.
   +Blink:    It lets you blink.
   It has a curse which improves the following skills: Alchemy: Poison Magic and
   Transmutations.
   Evocations: Evocations.
 C - a +0 flail of flaming
 D - a +1 battleaxe of protection
 K - the +12 spear "Lusene" {vamp, MP+9}
   (You found it on level 6 of the Dungeon)

   It occasionally heals its wielder for a portion of the damage dealt when it
   wounds a living foe.
   MP:        It affects your magic capacity (+9).
Missiles
 e - 30 poisoned darts
 n - a throwing net
Armour
 a - a +0 robe
 i - an orb of mayhem
 u - an orb of energy
 y - a +0 helmet (worn)
 M - +1 steam dragon scales (worn)
Magical Staves
 l - a staff of air
 J - a staff of conjuration
Jewellery
 A - a ring of protection from cold (left hand)
 I - a ring of ice
 R - the cursed amulet "Behold Eternity" (around neck) {RegenMP, Melee, Fort}
   (You found it on level 8 of the Dungeon)

   [amulet of magic regeneration]

   It increases your rate of magic regeneration.
   It has a curse which improves the following skills: Melee Combat: Short
   Blades, Long Blades, Axes, Maces & Flails, Polearms, Staves and Unarmed
   Combat.
   Fortitude: Armour and Shields.
Wands
 w - a wand of quicksilver (7)
 x - a wand of roots (7)
 L - a wand of paralysis (6)
 S - a wand of mindburst (9)
Scrolls
 g - 3 scrolls of enchant weapon
 k - a scroll of amnesia
 m - a scroll of fear
 p - a scroll of magic mapping
 r - a scroll of teleportation
 s - 2 scrolls of vulnerability
 v - a scroll of blinking
 E - a scroll of summoning
 F - a scroll of immolation
 N - 3 scrolls of silence
 O - 3 scrolls of identify
Potions
 b - a potion of invisibility
 f - 2 potions of mutation
 h - 2 potions of berserk rage
 o - a potion of degeneration
 t - 8 potions of curing
 z - a potion of haste
 B - 4 potions of flight
 G - a potion of lignification
 H - 2 potions of heal wounds
 P - 2 potions of brilliance
 Q - a potion of might


   Skills:
 * Level 5.9 Fighting
 * Level 4.9(5.7) Polearms
 + Level 5.5(6.3) Armour
 + Level 4.6 Dodging
 - Level 6.0 Stealth
 * Level 7.1 Spellcasting
 * Level 3.4 Conjurations
 - Level 3.9(4.7) Transmutations
 + Level 0.0 Air Magic
 + Level 9.3 Earth Magic
 + Level 0.0(0.1) Poison Magic
 - Level 3.6(4.4) Evocations


You had 15 spell levels left.
You knew the following spells:

 Your Spells              Type           Power      Damage    Failure   Level
a - Sandblast             Erth           84%        2d18      1%          1
b - Passwall              Tmut/Erth      27%        N/A       1%          2
c - Stone Arrow           Conj/Erth      62%        3d10      2%          3
d - Mephitic Cloud        Conj/Pois/Air  11%        N/A       19%         3

Your spell library contained the following spells:

 Spells                   Type           Power      Damage    Failure   Level
 Beastly Appendage        Tmut           48%        N/A       1%          1
 Wereblood                Tmut           24%        N/A       2%          2
 Petrify                  Tmut/Erth      33%        N/A       5%          4
 Necrotise                Necr           24%        1d5       10%         1
 Summon Small Mammal      Summ           24%        N/A       10%         1
 Spider Form              Tmut/Pois      16%        N/A       11%         3
 Poisonous Vapours        Pois/Air       14%        N/A       14%         2
 Scorch                   Fire           12%        2d6       16%         2
 Ignite Poison            Fire/Tmut/Pois 12%        N/A       16%         3
 Call Canine Familiar     Summ           6%         N/A       30%         3
 Inner Flame              Hex/Fire       6%         N/A       30%         3
 Ozocubu's Armour         Ice            6%         N/A       30%         3
 Portal Projectile        Hex/Tloc       12%        N/A       30%         3
 Summon Guardian Golem    Hex/Summ       6%         N/A       30%         3
 Tukima's Dance           Hex            6%         N/A       30%         3
 Blade Hands              Tmut           12%        N/A       36%         5
 Cause Fear               Hex            3%         N/A       69%         4
 Starburst                Conj/Fire      6%         6d4       100%        6
 Ozocubu's Refrigeration  Ice            3%         4d8       100%        7
 Discord                  Hex            3%         N/A       100%        8
 Cigotuvi's Dreadful Rot  Necr/Pois/Air  Unusable   N/A       N/A         2

Dungeon Overview and Level Annotations

Branches:
Dungeon (10/15)            Temple (1/1) D:4             Orc (0/2) D:10
   Lair: D:8-11

Altars:
Ashenzari
Cheibriados
Dithmenos
Elyvilon
Fedhas
Gozag
Hepliaklqana
Kikubaaqudgha
Makhleb
Nemelex Xobeh
Okawaru
Qazlal
Ru
Sif Muna
Trog
Uskayaw
Vehumet
Wu Jian
Xom
Yredelemnul
Zin
The Shining One

Shops:
D:3 (   D:5 !==:   D:6 [   D:8 (   D:9 :


Innate Abilities, Weirdness & Mutations

You are immune to sickness and miasma.
Your stone body is resilient. (AC +8)
You are immune to poison.
You resist negative energy. (rN+)
You are resistant to electric shocks. (rElec)
You are resistant to unholy torment.
You are immune to petrification.
You have sharp toenails.
You are robust. (+10% HP)
You expend magic power (3 MP) to strengthen your wands.


Message History

You reach to attack!
You puncture the centaur! You freeze the centaur.
You kill the centaur!
You barely miss the wraith. You claw the wraith, but do no damage.
The wraith barely misses you.
You closely miss the wraith. You claw the wraith.
The wraith is lightly damaged.
The wraith hits you. The wraith drains your vigour!
You feel yourself slow down.
You completely miss the wraith. Your kick misses the wraith.
An acid dragon comes into view.
The wraith hits you but does no damage. x2
The acid dragon spits acid at you. The splash of acid hits you!!
You puncture the wraith! You freeze the wraith. You claw the wraith.
The wraith is heavily damaged.
The wraith hits you. The acid dragon spits acid at you.
The splash of acid hits you! The acid corrodes you!
You are too injured to fight recklessly!
You are too injured to fight recklessly!
You are too injured to fight recklessly!
You are too injured to fight recklessly!
You are too injured to fight recklessly!
You are too injured to fight recklessly!
You are too injured to fight recklessly!
You are too injured to fight recklessly!
You are too injured to fight recklessly!
You are too injured to fight recklessly!
You are too injured to fight recklessly!
You are too injured to fight recklessly!
You blink.
Found a scroll of teleportation.
The acid dragon spits acid at you. The splash of acid hits you!!
* * * LOW HITPOINT WARNING * * *
The acid corrodes you! The acid dragon spits acid at you.
The splash of acid misses you. The wraith closely misses you.
There is a stone staircase leading down here.
The wraith hits you.
You die...

#...# #...######.. #...#
#...# #.. #...# #...#
#.. #...####...# #..
#.D^)......######..
######.......$..........
........................
........W...............
?......@####............
######..# #............
#..# #............ ####
#############


You could see a wraith and an acid dragon (catching breath).

Vanquished Creatures
  A two-headed ogre (D:10)
  Erica (D:8)
  An unseen horror (D:9)
  A troll (D:9)
  19 yaks
  A wyvern (D:8)
  3 vampire mosquitoes (D:8)
  3 steam dragons
  An acid dragon (D:8)
  A water moccasin (D:7)
  4 orc warriors
  2 black bears
  A sky beast (D:6)
  2 ogres (D:6)
  3 centaurs
  A bullfrog (D:7)
  2 kobold brigands
  2 scorpions
  8 wights
  3 killer bees (D:9)
  4 howler monkeys
  2 quasits (D:6)
  A jelly (D:6)
  3 orc priests
  3 hounds
  3 iguanas
  Terence (D:2)
  5 orc wizards
  6 gnolls
  9 adders
  4 shadow imps (D:6)
  6 white imps
  6 ufetubi
  4 worms
  2 dart slugs
  20 orcs
  7 endoplasms
  5 goblins
  6 hobgoblins
  4 jackals (D:2)
  3 quokkas
  3 ball pythons
  4 bats
  2 frilled lizards
  13 kobolds
  6 rats
192 creatures vanquished.

Vanquished Creatures (collateral kills)
  An adder (D:6)
1 creature vanquished.

Vanquished Creatures (others)
  An ufetubus (D:6)
  An orc (D:8)
  4 demonic plants (D:6)
6 creatures vanquished.

Grand Total: 199 creatures vanquished

Notes
Turn   | Place    | Note
-------+----------+-------------------------------------------
     0 | D:1      | arthad the Gargoyle Earth Elementalist began the quest for
                  | the Orb.
     0 | D:1      | Reached XP level 1. HP: 10/10 MP: 3/3
   178 | D:1      | Reached skill level 1 in Transmutations
   178 | D:1      | Reached XP level 2. HP: 15/15 MP: 3/5
   967 | D:2      | Reached skill level 4 in Earth Magic
   967 | D:2      | Reached XP level 3. HP: 19/19 MP: 2/6
   970 | D:2      | Learned a level 2 spell: Passwall
   974 | D:2      | Learned a level 3 spell: Stone Arrow
  1023 | D:2      | Found a faded altar of an unknown god.
  1126 | D:2      | Noticed Terence
  1138 | D:2      | Killed Terence
  1178 | D:2      | Reached XP level 4. HP: 19/24 MP: 4/7
  1771 | D:3      | Identified the +9 trident "Pitwofuenamm" {freeze, +Blink
                  | rN+ Dex-4}
  2331 | D:3      | Reached skill level 1 in Armour
  2420 | D:3      | Found Fisiosau's Antique Weapon Boutique.
  3294 | D:4      | Reached XP level 5. HP: 28/28 MP: 7/9
  3444 | D:4      | Found a staircase to the Ecumenical Temple.
  3446 | D:4      | Noticed a black bear
  3448 | D:4      | Gained mutation: You have hidden genetic potential. [potion
                  | of mutation]
  3448 | D:4      | Gained mutation: You expend magic power (3 MP) to
                  | strengthen your wands. [potion of mutation]
  3457 | D:4      | Killed a black bear
  3458 | D:4      | Reached skill level 5 in Earth Magic
  3458 | D:4      | Reached XP level 6. HP: 17/33 MP: 4/11
  3528 | Temple   | Entered the Ecumenical Temple
  3646 | Temple   | Became a worshipper of Ashenzari the Shackled
  3690 | D:4      | Reached skill level 1 in Fighting
  4029 | D:4      | Gained mutation: You are robust. (+10% HP) [hidden
                  | potential]
  4038 | D:5      | Entered Level 5 of the Dungeon
  4038 | D:5      | Found Gagaqi's Book Emporium.
  4066 | D:5      | Found an opulent altar of Gozag.
  4066 | D:5      | Found an iron altar of Okawaru.
  4111 | D:5      | Reached skill level 1 in Polearms
  4183 | D:5      | Noticed an orc warrior
  4191 | D:5      | Killed an orc warrior
  4192 | D:5      | Reached XP level 7. HP: 30/41 MP: 12/12
  4192 | D:5      | Found a bloodstained altar of Trog.
  4299 | D:5      | Gained mutation: You have sharp toenails. [hidden
                  | potential]
  4299 | D:5      | Lost mutation: You have hidden genetic potential. [hidden
                  | potential expressed]
  4375 | D:5      | Found a shimmering blue altar of Sif Muna.
  4382 | D:5      | Got Sif Muna's Enchiridion on the Lungs
  4443 | D:5      | Found Ekhlafocyff's Distillery.
  4452 | D:5      | Bought a potion of heal wounds for 60 gold pieces
  4452 | D:5      | Bought a potion of curing for 36 gold pieces
  4452 | D:5      | Bought a potion of heal wounds for 60 gold pieces
  4513 | D:5      | Found Gekhlaul's Jewellery Boutique.
  4554 | D:5      | Reached skill level 1 in Evocations
  4661 | D:5      | Found Kuephon's Jewellery Shoppe.
  4887 | D:6      | Noticed a steam dragon
  4897 | D:6      | Killed a steam dragon
  4963 | D:6      | Identified the +12 spear "Lusene" {vamp, MP+9}
  4986 | D:6      | Reached XP level 8. HP: 45/48 MP: 14/14
  5062 | D:6      | Reached skill level 6 in Earth Magic
  5336 | D:6      | Found Ruogaunt's Armour Emporium.
  5869 | D:6      | Found a blossoming altar of Fedhas.
  6057 | D:7      | Noticed a yak
  6057 | D:7      | Noticed a yak
  6057 | D:7      | Noticed a yak
  6058 | D:7      | Noticed a yak
  6059 | D:7      | Noticed a yak
  6060 | D:7      | Noticed a yak
  6063 | D:7      | Killed a yak
  6063 | D:7      | Killed a yak
  6064 | D:7      | Reached skill level 5 in Spellcasting
  6064 | D:7      | Reached skill level 7 in Earth Magic
  6064 | D:7      | Reached XP level 9. HP: 46/56 MP: 12/16
  6067 | D:7      | Reached skill level 5 in Stealth
  6398 | D:7      | Found a hide-covered altar of Uskayaw.
  6576 | D:7      | HP: 1/57 [wight/+3 scimitar (5)]
  7117 | D:8      | Reached skill level 8 in Earth Magic
  7144 | D:8      | Reached XP level 10. HP: 22/61 MP: 18/18
  7500 | D:8      | Noticed Erica
  7509 | D:8      | Killed Erica
  7695 | D:7      | Upgraded the game from 0.30-a0-385-gfebfb9b408 to
                  | 0.30-a0-389-g8d7d949f56
  7855 | D:8      | Found Anenar's Weapon Boutique.
  8140 | D:9      | Found Netom's Book Shop.
  8581 | D:9      | Killed an unseen horror
  8582 | D:9      | Reached skill level 1 in Conjurations
  8860 | D:9      | Reached * piety under Ashenzari
  8875 | D:9      | Reached skill level 5 in Fighting
  8875 | D:9      | Reached skill level 5 in Armour
  8875 | D:9      | Reached skill level 9 in Earth Magic
  9198 | D:10     | Entered Level 10 of the Dungeon
  9200 | D:10     | Found a staircase to the Orcish Mines.
  9217 | D:10     | Noticed a two-headed ogre
  9228 | D:10     | Killed a two-headed ogre
  9229 | D:10     | Reached XP level 11. HP: 23/70 MP: 21/21
  9426 | D:10     | Found an ancient bone altar of Kikubaaqudgha.
  9434 | D:10     | Identified the Collected Works on Igneous Death
  9726 | D:10     | Found a glowing golden altar of the Shining One.
  9994 | D:10     | Learned a level 3 spell: Mephitic Cloud
 10085 | D:10     | HP: 2/70 [acid dragon/splash of acid (26)]
 10087 | D:10     | Slain by a wraith

Illustrated notes

Levels and vault maps discovered:
D:1:      evilmike_arrival_rings, layout_basic
D:2:      layout_basic, shapermc_ecumenical_altar_totnotflames,
          dk_noncrumbling_4, uniq_terence
D:3:      layout_basic, serial_shops, nicolae_shop_overgrown_old_shop,
          chequers_serial_rivers_micro_b
D:4:      layout_cave_pools
D:5:      layout_loops_ring, nzn_overflow_gifts_of_might_and_magic,
          nicolae_overflow_two_pavilions, serial_shops,
          nicolae_shop_hallway_plus, nicolae_shop_advertising_works
          [nicolae_subvault_shop_adworks], shop, shop_statue
D:6:      layout_loops_cross, kennysheep_mini, serial_shops, shop,
          serial_demonic, serial_demonic_g, serial_demonic_a, serial_demonic_a,
          serial_demonic_a, serial_demonic_b, serial_demonic_d
D:7:      layout_basic, lemuel_crystal_altar, hangedman_abyss_or_decor_slice,
          roderic_lattice_a
D:8:      layout_basic, serial_shops, nicolae_shop_hallway_plus, uniq_erica
D:9:      layout_loops_cross, serial_shops, shop, kennysheep_generic_room_3
D:10:     layout_small_grid, mainiacjoe_overflow_six_doors_small,
          nicolae_kikubaaqudgha_miasma_corner, erik_lair_dragon
Temple:   nicolae_temple_superstar

Skill      XL: |  1  2  3  4  5  6  7  8  9 10 11 |
---------------+----------------------------------+-----
Transmutations | 1 2 3 |  3.9
Earth Magic    | 4 5 7 8 9 |  9.3
Dodging        | 2 3 4 |  4.6
Armour         | 1 2 3 4 5 |  5.5
Stealth        | 3 4 5 6 |  6.0
Spellcasting   | 3 4 5 6 7 |  7.1
Fighting       | 1 2 3 4 5 |  5.9
Polearms       | 1 2 3 4 |  4.9
Evocations     | 1 2 3 |  3.6
Conjurations   | 2 3 |  3.4

Action                   |  1- 3 |  4- 6 |  7- 9 | 10-12 || total
-------------------------+-------+-------+-------+-------++-------
Melee: Dagger            |     3 |     5 |       |       ||     8
       Trident           |       |    58 |   207 |   185 ||   450
       Kick              |       |       |    29 |    33 ||    62
       Punch             |       |       |     4 |       ||     4
Throw: Dart              |       |       |     7 |     5 ||    12
 Cast: Sandblast         |    42 |    32 |     7 |     5 ||    86
       Stone Arrow       |       |     2 |     4 |    24 ||    30
Invok: Curse Item        |       |       |     1 |     1 ||     2
 Abil: Evoke Blink       |       |       |       |     2 ||     2
Evoke: Wand              |       |       |     4 |     4 ||     8
  Use: Potion            |     1 |     1 |     1 |       ||     3
       Scroll            |       |       |    11 |     4 ||    15
 Stab: Sleeping          |       |     1 |     4 |     2 ||     7
       Distracted        |       |       |       |     1 ||     1
Armor: Robe              |     9 |    29 |    34 |       ||    72
       Steam dragon scal |       |       |    71 |    97 ||   168
Dodge: Dodged            |    13 |    43 |   137 |   125 ||   318

Table legend: (Time is in decaauts)
 A = Elapsed time spent in this place.
 B = Non-inter-level travel time spent in this place.
 C = Inter-level travel time spent in this place.
 D = Time resting spent in this place.
 E = Time spent auto-exploring this place.
 F = Levels seen in this place.
 G = Mean time per level.
                   A        B        C        D        E       F      G
               +--------+--------+--------+--------+--------+-----+--------+
         Total |  10203 |   9846 |    357 |   1350 |   6845 |  11 |  927.5 |
       Dungeon |  10078 |   9727 |    351 |   1350 |   6745 |  10 | 1007.8 |
        Temple |    125 |    119 |      6 |      0 |    100 |   1 |  125.0 |
               +--------+--------+--------+--------+--------+-----+--------+

Top non-repeatable levels by time:
     D:3: 1478 daAuts
     D:7: 1432 daAuts
     D:9: 1353 daAuts
     D:6: 1053 daAuts
     D:1: 973 daAuts
     D:5: 857 daAuts
    D:10: 823 daAuts
     D:2: 809 daAuts
     D:4: 698 daAuts
     D:8: 599 daAuts
  Temple: 125 daAuts
